 Dungeon Crawl Stone Soup version 0.22-a0-609-gfedc9ff (webtiles) character file.

738 EazyBreezy the Sneak (level 7, -7/42 HPs)
             Began as an Octopode Ice Elementalist on July 11, 2018.
             Mangled by Marixus's ghost (14 damage)
             ... on level 4 of the Dungeon.
             The game lasted 00:18:19 (4547 turns).

EazyBreezy the Sneak (Octopode Ice Elementalist)    Turns: 4547, Time: 00:18:19

Health: -7/42      AC:  1    Str:  8    XL:     7   Next: 75%
Magic:  3/13       EV: 15    Int: 19    God:
Gold:   142        SH:  0    Dex: 12    Spells: 4/14 levels left

rFire    . . .     SeeInvis .   c - +0 short sword
rCold    . . .     Gourm    .   (no shield)
rNeg     . . .     Faith    .   (helmet restricted)
rPois    .         Spirit   .   (no amulet)
rElec    .         Reflect  .   f - ring of wizardry
rCorr    .         Harm     .   h - +1 ring of evasion
MR       .....                  (no ring)
Stlth    ++++......             (no ring)
HPRegen  0.14/turn              (no ring)
MPRegen  0.13/turn              (no ring)
                                (no ring)
                                (no ring)

@: no status effects
A: almost no armour, stealthy swim, amphibious, 8 rings, constrict 8, camouflage
1, gelatinous body 1
a: no special abilities


You were on level 4 of the Dungeon.
You were not hungry.

You visited 2 branches of the dungeon, and saw 5 of its levels.

You collected 142 gold pieces.

Inventory:

Hand Weapons
 c - a +0 short sword (weapon)
Jewellery
 d - an uncursed ring of wizardry
 f - a ring of wizardry (left tentacle)
 h - a +1 ring of evasion (right tentacle)
Scrolls
 g - 2 scrolls of teleportation
 j - a scroll of remove curse
Potions
 a - 2 potions of curing
 e - a potion of agility
 i - a potion of degeneration {unknown}
Comestibles
 b - 5 rations


   Skills:
 + Level 0.4 Fighting
 + Level 1.1 Short Blades
 * Level 3.4 Dodging
 * Level 5.5 Stealth
 * Level 4.2 Spellcasting
 + Level 1.7 Conjurations
 + Level 0.9 Charms
 * Level 1.3 Summonings
 * Level 5.4 Ice Magic


You had 4 spell levels left.
You knew the following spells:

 Your Spells              Type           Power        Failure   Level  Hunger
a - Freeze                Ice            ###.         1%          1    None
b - Throw Frost           Conj/Ice       ###...       1%          2    #......
c - Ozocubu's Armour      Chrm/Ice       ###.....     4%          3    ###....
d - Summon Ice Beast      Ice/Summ       ###.....     13%         4    ####...

Your spell library contained the following spells:

 Spells                   Type           Power        Failure   Level  Hunger
 Throw Icicle             Conj/Ice       ###.....     12%         4    ####...


Dungeon Overview and Level Annotations

Branches:
Dungeon (4/15)             Temple (1/1) D:4

Altars:
Cheibriados
Dithmenos
Elyvilon
Gozag
Hepliaklqana
Kikubaaqudgha
Nemelex Xobeh
Okawaru
Ru
Sif Muna
Trog
Wu Jian
Xom
Yredelemnul
Zin
The Shining One

Annotations:
D:4 Marixus's ghost, novice TeAE


Innate Abilities, Weirdness & Mutations

You cannot wear most types of armour.
You are very stealthy in the water. (Stealth+)
You are amphibious.
You can wear up to eight rings at the same time.
You can use your tentacles to constrict eight enemies at once.
Your skin changes colour to match your surroundings (Stealth+).
Your rubbery body absorbs attacks. (AC +1, EV +1)


Message History

Marixus's ghost is heavily damaged.
Marixus's ghost gestures wildly while chanting.
Your ice beast is struck by lightning.
Your ice beast dies!
The lightning arcs!
The river rat is struck by lightning.
The lightning arcs!
Marixus's ghost is struck by lightning.
The lightning arcs!
You are struck by lightning.
The lightning arcs!
Marixus's ghost is struck by lightning.
The lightning grounds out.
The river rat is struck by lightning.
The river rat dies!
The lightning arcs!
You are struck by lightning.
The lightning grounds out.
You are struck by lightning.
* * * LOW HITPOINT WARNING * * *
The lightning grounds out.
Your icy armour cracks and falls away as you move.
Marixus's ghost misses you. Marixus's ghost hits you.
* * * LOW HITPOINT WARNING * * *
You are electrocuted!
You die...

### #.. ..# #.# #.# #.# #.#
####.###.# ##### #........#
##...####........###
##########.......#..........#
#...)....#.....W@'...<...##.#
#........#)†..†#.#.......##.#
#........!)).†...........##.#
#######.###.##†##........##.#
#.# ###≈≈≈#........##.#
#######.### #≈≈≈#........##.#
#.........#
#≈≈≈#.#...#.###.#####
#.........# #≈≈≈#.###.#.#
#..a.gg #.....(...# #≈!≈#
..#.# #######


You could see Marixus's ghost.

Vanquished Creatures
  Grinder (D:4)
  Sigmund (D:3)
  2 ogres (D:4)
  A scorpion (D:4)
  An orc wizard (D:3)
  An orc priest (D:3)
  Jessica (D:3)
  Robin (D:4)
  4 adders
  4 gnolls (D:3)
  A river rat (D:4)
  An ooze (D:3)
  A worm (D:4)
  2 dart slugs (D:1)
  4 leopard geckos
  4 orcs
  A ball python (D:1)
  2 giant cockroaches
  10 goblins
  7 hobgoblins
  2 jackals (D:4)
  3 kobolds
  5 bats
  3 frilled lizards
  7 rats
70 creatures vanquished.

Vanquished Creatures (collateral kills)
  A worker ant (D:4)
  A ball python (D:4)
  5 goblins (D:4)
  A rat (D:3)
8 creatures vanquished.

Vanquished Creatures (others)
  A river rat (D:4)
1 creature vanquished.

Grand Total: 79 creatures vanquished

Notes
Turn   | Place    | Note
-------+----------+-------------------------------------------
     0 | D:1      | EazyBreezy the Octopode Ice Elementalist began the quest for the Orb.
     0 | D:1      | Reached XP level 1. HP: 11/11 MP: 3/3
   182 | D:1      | Reached XP level 2. HP: 17/17 MP: 1/5
   187 | D:1      | Learned a level 2 spell: Throw Frost
   236 | D:1      | Found an iron altar of Okawaru.
  1142 | D:2      | Reached XP level 3. HP: 21/21 MP: 6/6
  1725 | D:3      | Learned a level 3 spell: Ozocubu's Armour
  1728 | D:3      | Noticed Sigmund
  1932 | D:3      | Found a glowing silver altar of Zin.
  1932 | D:3      | Found a shadowy altar of Dithmenos.
  1950 | D:3      | Reached XP level 4. HP: 27/27 MP: 0/7
  2470 | D:3      | Killed Sigmund
  2470 | D:3      | Reached skill level 5 in Stealth
  2470 | D:3      | Reached XP level 5. HP: 22/31 MP: 0/9
  2470 | D:3      | Reached XP level 6. HP: 26/36 MP: 0/10
  2591 | D:3      | Noticed Jessica
  2596 | D:3      | Killed Jessica
  2631 | D:3      | Reached skill level 1 in Short Blades
  2956 | D:3      | Noticed Grinder
  3032 | D:3      | Paralysed by Grinder for 3 turns
  3202 | D:3      | Learned a level 4 spell: Summon Ice Beast
  3608 | D:4      | Found a runed door.
  3692 | D:4      | Noticed Robin
  3762 | D:4      | Reached skill level 5 in Ice Magic
  3762 | D:4      | Reached XP level 7. HP: 21/42 MP: 1/12
  3848 | D:4      | Paralysed by Grinder for 2 turns
  3856 | D:4      | Killed Grinder
  4038 | D:4      | Found a staircase to the Ecumenical Temple.
  4048 | Temple   | Entered the Ecumenical Temple
  4384 | D:4      | Killed Robin
  4384 | D:4      | Reached skill level 1 in Summonings
  4445 | D:4      | Noticed Marixus's ghost (novice TeAE)
  4547 | D:4      | Mangled by Marixus's ghost

Vault maps used:
D:1:      onia_arrival_larder, okawaru_ov_weapons_minmay
D:3:      grunt_temple_overflow_open, first_ration, uniq_sigmund, uniq_jessica,
          uniq_grinder
D:4:      minmay_temple_entry_large_hall, ebering_ghost_sewer_f, uniq_robin
Temple:   cyrus_circular_temple

Skill      XL: |  1  2  3  4  5  6  7 |
---------------+----------------------+-----
Stealth        | 3 4 5 |  5.5
Spellcasting   | 3 4 |  4.2
Ice Magic      | 4 5 |  5.4
Short Blades   | 1 |  1.1
Dodging        | 3 |  3.4
Summonings     | 1 |  1.3
Fighting       | |  0.4
Conjurations   | |  1.7
Charms         | |  0.9

Action                   |  1- 3 |  4- 6 |  7- 9 || total
-------------------------+-------+-------+-------++-------
Melee: Short sword       |    33 |    29 |    25 ||    87
       Tentacles         |     5 |     5 |     6 ||    16
       Constrict         |     8 |     7 |     4 ||    19
 Cast: Freeze            |    13 |    22 |     7 ||    42
       Throw Frost       |     9 |    30 |     5 ||    44
       Ozocubu's Armour  |     1 |     8 |     4 ||    13
       Summon Ice Beast  |       |     5 |     5 ||    10
  Use: Scroll            |     9 |     2 |       ||    11
       Potion            |       |     2 |       ||     2
 Stab: Sleeping          |    13 |     3 |       ||    16
       Distracted        |       |       |     1 ||     1
  Eat: Ration            |     1 |     3 |     1 ||     5
Armor: Skin              |     3 |     8 |     1 ||    12
Dodge: Dodged            |    16 |    43 |    16 ||    75

Table legend:
 A = Spawn XP
 B = Non-spawn XP
 C = Spawn XP percentage of total XP
 D = Spawn monster count
 E = Non-spawn monster count
 F = Spawn count percentage of total count
 G = Total turns spent on level
                    A         B        C        D         E        F      G
               +---------+---------+-------+---------+---------+-------+---------
         Total |       0 |    1055 |   0.0 |       0 |      78 |   0.0 |  4547
               +---------+---------+-------+---------+---------+-------+---------
           D:1 |       0 |      29 |   0.0 |       0 |      16 |   0.0 |  1134
           D:2 |       0 |      31 |   0.0 |       0 |      10 |   0.0 |   896
           D:3 |       0 |     480 |   0.0 |       0 |      27 |   0.0 |  1520
           D:4 |       0 |     515 |   0.0 |       0 |      25 |   0.0 |   902
               +---------+---------+-------+---------+---------+-------+---------
